 Dungeon Crawl Stone Soup version 0.27-a0-1572-gacd6f1ce93 (webtiles) character file.

Game seed: 17153188009984900726

43148 Blejac999 the Severer (level 13, -4/123 HPs)
             Began as a Minotaur Berserker on July 17, 2021.
             Was the Champion of Trog.
             Slain by a three-headed hydra simulacrum (13 damage)
             ... in an ice cave.
             The game lasted 00:39:33 (22835 turns).

Blejac999 the Severer (Minotaur Berserker)         Turns: 22835, Time: 00:39:34

Health: -4/123     AC: 14    Str: 25    XL:     13   Next: 89%
Magic:  12/12      EV: 16    Int:  4    God:    Trog [******]
Gold:   1552       SH:  0    Dex: 12    Spells: 12/12 levels left

rFire    x . .     SeeInvis .   D - +1 hand axe (vorpal)
rCold    + . .     Faith    .   (no shield)
rNeg     . . .     Spirit   .   u - +3 leather armour "Oczatoih" {Rampage +Inv rPois}
rPois    +         Reflect  .   (helmet restricted)
rElec    .         Harm     .   z - +2 cloak {rPois}
rCorr    .         Rampage  +   (no gloves)
Will     .....     Rnd*Rage +   (no boots)
Stlth    ++++......             E - amulet of the acrobat
HPRegen  0.30/turn              G - +4 ring of protection
MPRegen  0.13/turn              n - ring of ice

@: on berserk cooldown, slowed, very slow
A: horns 2, retaliatory headbutt, berserk 1, passive freeze
a: Renounce Religion, Evoke Invisibility, Berserk, Trog's Hand, Brothers in Arms


You were in an ice cave.
You worshipped Trog.
Trog was exalted by your worship.
You visited 5 branches of the dungeon, and saw 20 of its levels.
You also visited: Ice Cave.

You collected 1720 gold pieces.
You spent 168 gold pieces at shops.

Inventory:

Hand Weapons
 a - a +7 long sword of flaming
 D - a +1 vorpal hand axe (weapon)
Missiles
 j - 6 curare-tipped darts (quivered)
 r - 2 throwing nets
Armour
 u - the +3 leather armour "Oczatoih" (worn) {Rampage +Inv rPois}
   (You found it on level 7 of the Dungeon)

   rPois:     It protects you from poison.
   +Inv:      It lets you turn invisible.
   Rampage:   It bestows one free step when moving towards enemies.
 z - a +2 cloak of poison resistance (worn)
Jewellery
 c - a +6 ring of strength
 f - a ring of see invisible
 n - a ring of ice (right hand)
 s - an amulet of magic regeneration
 E - an amulet of the acrobat (around neck)
 G - a +4 ring of protection (left hand)
Wands
 b - a wand of digging (17)
 l - a wand of acid (13)
 q - a wand of flame (44)
 v - a wand of polymorph (13)
 w - a wand of iceblast (5)
 C - a wand of mindburst (16)
Scrolls
 d - 3 scrolls of enchant weapon
 g - 4 scrolls of fear
 h - 7 scrolls of identify
 m - a scroll of magic mapping
 t - 2 scrolls of teleportation
 x - a scroll of blinking
 y - 2 scrolls of enchant armour
 B - 2 scrolls of fog
Potions
 e - 6 potions of flight
 i - 5 potions of heal wounds
 k - 4 potions of lignification
 o - a potion of might
 p - 7 potions of curing
 A - 2 potions of ambrosia
 F - 2 potions of resistance
 H - a potion of haste


   Skills:
 + Level 13.7 Fighting
 + Level 5.3 Long Blades
 + Level 15.2 Axes
 + Level 2.4 Throwing
 + Level 8.1 Armour
 + Level 11.5 Dodging
 + Level 9.2 Stealth
 + Level 4.4 Evocations


You had 12 spell levels left.
You didn't know any spells.
Your spell library was empty.

Dungeon Overview and Level Annotations

Branches:
Dungeon (10/15)            Temple (0/1) D:5            Lair (6/6) D:8
  Swamp (1/4) Lair:2        Snake (0/4) Lair:4        Slime (0/5) Lair:6
    Orc (2/2) D:10            Elf (1/3) Orc:2         IceCv (1/1)

Altars:
Dithmenos
Elyvilon
Hepliaklqana
Ru
Uskayaw
Vehumet
Wu Jian
Beogh
Jiyva

Shops:
Orc:1 (   Orc:2 =?*:   Elf:1 ??

Annotations:
Lair:2 3 runed translucent doors, Blejac999's ghost, journeyman MiBe


Innate Abilities, Weirdness & Mutations

You have a pair of horns on your head.
You reflexively headbutt those who attack you in melee.
You tend to lose your temper in combat.
A frigid envelope surrounds you and freezes all who hurt you.


Message History

You hit the white very ugly thing.
You headbutt the white very ugly thing, but do no damage.
The white very ugly thing is lightly wounded.
You slice one of the five-headed hydra simulacrum's heads off!
You slash the four-headed hydra simulacrum!
You hit the ettin simulacrum. You slash the ettin simulacrum!
You hit the lindwurm simulacrum. The ettin simulacrum hits you!
The ettin simulacrum freezes you! You resist.
The ettin simulacrum completely resists.
The ettin simulacrum barely misses you.
Unknown command.
You completely miss the white very ugly thing.
The white very ugly thing is lightly wounded.
You chop one of the four-headed hydra simulacrum's heads off!
You hit the three-headed hydra simulacrum.
You hit the ettin simulacrum. x2; You hit the lindwurm simulacrum.
The white very ugly thing pecks you. The white very ugly thing freezes you!!
You resist.
* * * LOW HITPOINT WARNING * * *
The ettin simulacrum hits you but does no damage.
The ettin simulacrum completely resists.
The ettin simulacrum closely misses you.
The lindwurm simulacrum closely misses you.
You furiously retaliate!
You headbutt the lindwurm simulacrum, but do no damage.
The lindwurm simulacrum claws you but does no damage.
The lindwurm simulacrum completely resists.
The lindwurm simulacrum barely misses you.
The three-headed hydra simulacrum bites you.
* * * LOW HITPOINT WARNING * * *
The three-headed hydra simulacrum freezes you!
You resist.
* * * LOW HITPOINT WARNING * * *
The three-headed hydra simulacrum completely resists.
The three-headed hydra simulacrum bites you but does no damage.
The three-headed hydra simulacrum bites you!
* * * LOW HITPOINT WARNING * * *
The three-headed hydra simulacrum freezes you!
You resist.
You die...

#######
##.....##
##...∩...##
##.........##
#....Z@ZZ...#
#....ZuZ....#
#.......Z...#
#......Z......#
#....8...8....#
#......(......#
##....:?[....##
#...(.©.?...#


You could see a white very ugly thing, a three-headed hydra simulacrum, a dire
elephant simulacrum, 3 lindwurm simulacra and 2 ettin simulacra.

Vanquished Creatures
  A catoblepas (Lair:2)
  5 hydras
  Erica (Orc:1)
  3 two-headed ogres
  3 alligators (Swamp:1)
  Sonja (Orc:2)
  A bog body (Lair:2)
  2 orc knights
  9 orc sorcerers
  A cyclops (D:10)
  5 elephants
  Maurice (Orc:1)
  A guardian serpent (D:9)
  5 black mambas
  8 cane toads
  2 unseen horrors
  2 rime drakes
  3 komodo dragons
  4 trolls
  A hornet (D:7)
  2 polar bears (Lair:3)
  A tyrant leech (Swamp:1)
  7 dream sheep (Lair:6)
  19 blink frogs
  A shadow (D:9)
  3 wyverns
  4 basilisks
  27 yaks
  A steam dragon (D:7)
  2 vampire mosquitoes (D:10)
  A harpy simulacrum (IceCv)
  6 wargs
  15 water moccasins
  2 swamp worms (Swamp:1)
  An acid dragon (D:9)
  9 orc warriors
  An ice beast (D:7)
  2 hornet zombies
  A black bear (D:7)
  3 necrophages
  A sky beast (D:6)
  5 ogres
  11 wolves
  5 centaurs
  A kobold brigand (D:9)
  8 bullfrogs
  2 gnoll sergeants (D:10)
  3 scorpions
  A howler monkey (D:5)
  2 centaur zombies
  6 hounds
  6 orc priests
  A centaur skeleton (D:5)
  5 iguanas
  32 orc wizards
  2 killer bee zombies
  A hound skeleton (D:5)
  Robin (D:3)
  7 gnolls (D:10)
  6 adders
  A shadow imp (D:6)
  3 white imps
  An ufetubus (D:4)
  2 worms
  4 dart slugs
  63 orcs
  3 bats
  8 endoplasms
  3 giant cockroaches (D:4)
  14 goblins
  7 hobgoblins
  15 jackals
  3 quokkas
  3 training dummies (Orc:1)
  5 ball pythons
  2 frilled lizards (D:1)
  11 kobolds
  7 rats
428 creatures vanquished.

Vanquished Creatures (others)
  An orc wizard (Orc:2)
  16 fungi
  20 plants
37 creatures vanquished.

Grand Total: 465 creatures vanquished

Notes
Turn   | Place    | Note
-------+----------+-------------------------------------------
     0 | D:1      | Blejac999 the Minotaur Berserker began the quest for the
                  | Orb.
     0 | D:1      | Reached XP level 1. HP: 19/19 MP: 0/0
    21 | D:1      | Reached skill level 4 in Axes
    21 | D:1      | Reached XP level 2. HP: 16/27 MP: 1/1
   491 | D:1      | Reached ** piety under Trog
   492 | D:1      | Reached XP level 3. HP: 21/33 MP: 2/2
   801 | D:1      | Found Kemesav's General Store.
  1030 | D:2      | Reached skill level 1 in Stealth
  1370 | D:2      | Reached XP level 4. HP: 38/40 MP: 3/3
  2104 | D:3      | Reached skill level 5 in Axes
  2570 | D:3      | Noticed Robin
  2580 | D:3      | Killed Robin
  2675 | D:3      | Gained mutation: You tend to lose your temper in combat.
                  | [potion of mutation]
  2675 | D:3      | Gained mutation: A frigid envelope surrounds you and
                  | freezes all who hurt you. [potion of mutation]
  2675 | D:3      | Gained mutation: You evolve. [potion of mutation]
  2861 | D:4      | Reached XP level 5. HP: 44/47 MP: 4/4
  2892 | D:4      | Found a hide-covered altar of Uskayaw.
  3574 | D:4      | Reached *** piety under Trog
  3801 | D:5      | Entered Level 5 of the Dungeon
  3806 | D:5      | Noticed an ogre
  3814 | D:5      | Killed an ogre
  3815 | D:5      | Reached skill level 6 in Axes
  3815 | D:5      | Reached XP level 6. HP: 52/55 MP: 5/5
  3824 | D:5      | Reached skill level 5 in Fighting
  3830 | D:5      | Lost mutation: You evolve. [end of evolution]
  4216 | D:5      | Reached XP level 7. HP: 58/61 MP: 6/6
  4222 | D:5      | Reached skill level 7 in Axes
  4245 | D:5      | Found a staircase to the Ecumenical Temple.
  5237 | D:6      | Reached skill level 8 in Axes
  5388 | D:6      | Noticed an unseen horror
  5396 | D:6      | Killed an unseen horror
  5397 | D:6      | Reached skill level 5 in Dodging
  5397 | D:6      | Reached XP level 8. HP: 62/71 MP: 7/7
  5405 | D:6      | Reached skill level 9 in Axes
  6485 | D:7      | Found a hazy altar of Hepliaklqana.
  6486 | D:7      | Found a shadowy altar of Dithmenos.
  6488 | D:7      | Found a sacrificial altar of Ru.
  6490 | D:7      | Found a radiant altar of Vehumet.
  6490 | D:7      | Found an ornate altar of the Wu Jian Council.
  6501 | D:7      | Reached XP level 9. HP: 33/79 MP: 8/8
  6811 | D:7      | Reached skill level 10 in Axes
  6867 | D:7      | Identified the +3 leather armour "Oczatoih" {Rampage +Inv
                  | rPois}
  7844 | D:8      | Noticed a death knight
  7899 | D:8      | Reached **** piety under Trog
  8031 | D:8      | Found a white marble altar of Elyvilon.
  8090 | D:9      | Reached skill level 5 in Stealth
  8097 | D:9      | Reached skill level 11 in Axes
  8963 | D:8      | Found a staircase to the Lair.
  8963 | D:8      | Noticed an elephant
  8990 | D:8      | Killed an elephant
  8991 | D:8      | Reached XP level 10. HP: 90/90 MP: 9/9
  9171 | D:8      | Identified a scroll of acquirement
  9171 | D:8      | Acquired a +2 cloak of poison resistance
  9391 | D:9      | Reached skill level 12 in Axes
  9546 | D:9      | Reached skill level 5 in Armour
  9727 | D:9      | Noticed a two-headed ogre
  9735 | D:9      | Killed a two-headed ogre
 10189 | D:9      | Noticed a guardian serpent
 10189 | D:9      | a centaur changed into a guardian serpent
 10309 | D:9      | Killed a guardian serpent
 10357 | D:9      | Reached skill level 1 in Evocations
 10674 | D:10     | Entered Level 10 of the Dungeon
 10717 | D:10     | Reached skill level 10 in Fighting
 10746 | D:10     | Found a staircase to the Orcish Mines.
 11026 | D:10     | Reached XP level 11. HP: 98/99 MP: 10/10
 11052 | D:10     | Noticed a two-headed ogre
 11056 | D:10     | Reached skill level 13 in Axes
 11066 | D:10     | Killed a two-headed ogre
 11595 | D:10     | Noticed a four-headed hydra
 11595 | D:10     | Noticed a flayed ghost
 11595 | D:10     | Noticed a stone giant
 11694 | Orc:1    | Entered Level 1 of the Orcish Mines
 11866 | Orc:2    | Entered Level 2 of the Orcish Mines
 11866 | Orc:2    | Noticed Sonja
 11872 | Orc:2    | Killed Sonja
 12073 | Orc:1    | Reached ***** piety under Trog
 12446 | Orc:2    | Noticed an orc sorcerer
 12449 | Orc:2    | Noticed an orc sorcerer
 12450 | Orc:2    | Found Gygyom's Book Emporium.
 12450 | Orc:2    | Found Bebuof's General Store.
 12450 | Orc:2    | Noticed an orc sorcerer
 12729 | Lair:1   | Entered Level 1 of the Lair of Beasts
 12750 | Lair:1   | Noticed a seven-headed hydra
 12757 | Lair:1   | Killed a seven-headed hydra
 12757 | Lair:1   | Noticed a five-headed hydra
 12913 | Orc:1    | Killed an orc sorcerer
 12916 | Orc:1    | Killed an orc sorcerer
 12917 | Orc:1    | Reached skill level 1 in Throwing
 13052 | Orc:1    | Paralysed by an orc sorcerer for 7 turns
 13055 | Orc:1    | Killed an orc sorcerer
 13234 | Orc:2    | Found a staircase to the Elven Halls.
 13410 | Orc:2    | Noticed an orc sorcerer
 13481 | Orc:2    | Noticed a sun demon
 13728 | Orc:1    | Killed an orc sorcerer
 13884 | Orc:2    | Noticed an orc sorcerer
 13895 | Orc:2    | Killed an orc sorcerer
 13896 | Orc:2    | Noticed an orc sorcerer
 13903 | Orc:2    | Killed an orc sorcerer
 14037 | Orc:2    | Noticed an orc sorcerer
 14065 | Orc:2    | Killed an orc sorcerer
 14294 | Orc:2    | Noticed an orc knight
 14530 | Orc:1    | Reached skill level 14 in Axes
 14623 | Orc:2    | Killed an orc knight
 14624 | Orc:2    | Reached XP level 12. HP: 110/110 MP: 11/11
 14884 | Orc:2    | Found Ymizamuonnu's Jewellery Boutique.
 14884 | Orc:2    | Found Sulufrub's Magic Scroll Emporium.
 14922 | Orc:2    | Bought a scroll of blinking for 120 gold pieces
 14922 | Orc:2    | Bought a scroll of teleportation for 48 gold pieces
 14963 | Orc:2    | Received a gift from Trog
 15254 | Elf:1    | Entered Level 1 of the Elven Halls
 15262 | Elf:1    | Found Oleng's Magic Scroll Shop.
 15262 | Elf:1    | Found Ysi Nia's Magic Scroll Boutique.
 15725 | Orc:1    | Noticed Maurice
 15732 | Orc:1    | Killed Maurice
 15797 | Orc:1    | Noticed Erica
 15811 | Orc:1    | Killed Erica
 15879 | Orc:1    | Reached ****** piety under Trog
 16087 | Orc:1    | Found Arphoil's Firing Range.
 16094 | Orc:1    | Noticed a two-headed ogre
 16101 | Orc:1    | Killed a two-headed ogre
 16731 | Lair:1   | Killed a one-headed hydra
 16999 | Lair:1   | Reached skill level 1 in Long Blades
 17032 | Lair:1   | Identified the -5 cloak of Ilurchali {Str-3 Int+4 Dex+2}
 17810 | Lair:2   | Noticed a catoblepas
 17820 | Lair:2   | Noticed a six-headed hydra
 17824 | Lair:2   | Reached skill level 10 in Dodging
 18243 | Lair:2   | Killed a catoblepas
 18256 | Lair:2   | Killed a two-headed hydra
 18674 | Lair:2   | Found a staircase to the Swamp.
 18684 | Lair:2   | Reached XP level 13. HP: 82/119 MP: 12/12
 19216 | Lair:2   | Found a runed translucent gate.
 19217 | Lair:2   | Found a runed translucent gate.
 19218 | Lair:2   | Found a runed translucent gate.
 19221 | Lair:2   | Noticed Blejac999's ghost (journeyman MiBe)
 19957 | Lair:3   | You fall into a shaft and drop 3 floors!
 19957 | Lair:6   | Entered Level 6 of the Lair of Beasts
 20133 | Lair:6   | Found a viscous altar of Jiyva.
 20134 | Lair:6   | Found a staircase to the Slime Pits.
 20264 | Lair:5   | Reached skill level 15 in Axes
 20605 | Lair:5   | Received a gift from Trog
 20932 | Lair:4   | Found a staircase to the Snake Pit.
 22451 | Lair:3   | You fall into a shaft and drop 1 floor!
 22750 | Swamp:1  | Entered Level 1 of the Swamp
 22757 | Swamp:1  | Reached skill level 5 in Long Blades
 22770 | Swamp:1  | Found a frozen archway.
 22829 | IceCv    | Entered an ice cave
 22829 | IceCv    | Noticed a white very ugly thing
 22835 | IceCv    | Slain by a three-headed hydra simulacrum

Illustrated notes

Levels and vault maps discovered:
D:1:      beargit_arrival_greenhouse, layout_rooms, serial_shops,
          nicolae_square_shop
D:2:      layout_basic
D:3:      layout_basic, uniq_robin
D:4:      layout_gridville, nicolae_uskayaw_murder_on_the_dancefloor,
          minmay_misc_feat_four_crosses
D:5:      layout_cave_pools, temple_statues, dk_vineyard_2, dk_noncrumbling_2
D:6:      layout_loops_ring, minmay_manual_mail
D:7:      layout_cave_pods, grunt_temple_overflow_open, chequers_arboretum
D:8:      layout_basic, elyvilon_altar_3, david_lair_generic,
          onia_ninara_dug_in_and_dangerous
D:9:      layout_irregular_city, centaur_isle
D:10:     layout_basic, orc_0_dummy, wad_scary_box
Lair:1:   layout_cave_pods
Lair:2:   layout_layer_cave, skrybe_swamp_entry_bodies,
          gammafunk_ghost_necromancy, serial_bayou_shore_b
Lair:3:   layout_small_grid
Lair:4:   layout_regular_city, minmay_snake_entry_six_corridors
Lair:5:   layout_layer_cave, grunt_megastairs_4, lemuel_fruit_tree
Lair:6:   grunt_lair_end_beastmaster, layout_cave_pods, slime_altar_1
Swamp:1:  layout_basic_swamp, portal_ice_cave_entry_pillars_three,
          hangedman_swamp_pad
Orc:1:    layout_diamond_mine, nicolae_shop_firing_range, uniq_erica,
          uniq_maurice
Orc:2:    st_orc_town, layout_caves, uniq_sonja
Elf:1:    layout_gridlike, portal_desolation_entry_nicolae_nacl, serial_shops,
          shop, kennysheep_underground_church, lemuel_flamethrower_hall,
          minmay_shoptagon
IceCv:    ice_cave_statue_garden_transporter

Skill      XL: |  1  2  3  4  5  6  7  8  9 10 11 12 13 |
---------------+----------------------------------------+-----
Axes           | 4 5 6 8 9 11 12 14 15 | 15.2
Fighting       | 4 5 6 7 8 10 11 12 13 | 13.7
Stealth        | 1 2 3 4 5 6 7 9 |  9.2
Dodging        | 3 5 6 7 8 10 11 | 11.5
Armour         | 4 5 6 7 8 |  8.1
Evocations     | 1 3 4 |  4.4
Throwing       | 1 2 |  2.4
Long Blades    | 3 5 |  5.3

Action                   |  1- 3 |  4- 6 |  7- 9 | 10-12 | 13-15 || total
-------------------------+-------+-------+-------+-------+-------++-------
Melee: Hand axe          |    66 |    93 |   161 |   414 |   221 ||   955
       Headbutt          |    10 |    13 |    47 |   104 |    70 ||   244
       Long sword        |       |       |       |    10 |    19 ||    29
Throw: Dart              |       |       |       |     6 |       ||     6
       Throwing net      |       |       |       |     4 |       ||     4
Invok: Berserk           |     5 |     4 |     8 |    23 |     6 ||    46
       Trog's Hand       |     1 |       |     2 |     1 |       ||     4
Evoke: Wand              |       |       |       |    32 |       ||    32
  Use: Scroll            |     4 |     6 |     4 |     5 |     5 ||    24
       Potion            |     2 |     6 |     2 |     5 |     1 ||    16
 Stab: Sleeping          |       |     2 |     5 |     7 |    13 ||    27
       Distracted        |       |       |     1 |     5 |     1 ||     7
       Held in net/web   |       |       |       |     2 |       ||     2
Armor: Animal skin       |    16 |    14 |     7 |       |       ||    37
       Leather armour    |       |       |    14 |    91 |    50 ||   155
       Skin              |       |       |     5 |     3 |       ||     8
Dodge: Dodged            |    54 |    71 |    72 |   211 |   151 ||   559
       Rpst.: Long sword |       |       |       |     4 |     4 ||     8

Table legend: (Time is in decaauts)
 A = Elapsed time spent in this place.
 B = Non-inter-level travel time spent in this place.
 C = Inter-level travel time spent in this place.
 D = Time resting spent in this place.
 E = Time spent auto-exploring this place.
 F = Levels seen in this place.
 G = Mean time per level.
                   A        B        C        D        E       F      G
               +--------+--------+--------+--------+--------+-----+--------+
         Total |  23075 |  22312 |    763 |   8478 |  10494 |  21 | 1098.8 |
       Dungeon |  12288 |  11823 |    465 |   4047 |   6119 |  10 | 1228.8 |
          Lair |   6052 |   5841 |    211 |   2003 |   3154 |   6 | 1008.7 |
         Swamp |     70 |     70 |      0 |      0 |      0 |   1 |   70.0 |
  Orcish Mines |   4627 |   4541 |     86 |   2428 |   1220 |   2 | 2313.5 |
   Elven Halls |     30 |     30 |      0 |      0 |      0 |   1 |   30.0 |
      Ice Cave |      5 |      5 |      0 |      0 |      0 |   1 |    5.0 |
               +--------+--------+--------+--------+--------+-----+--------+

Top non-repeatable levels by time:
   Orc:2: 2475 daAuts
   Orc:1: 2152 daAuts
     D:9: 1770 daAuts
     D:6: 1560 daAuts
     D:8: 1547 daAuts
  Lair:1: 1480 daAuts
  Lair:3: 1376 daAuts
  Lair:2: 1356 daAuts
     D:7: 1305 daAuts
     D:2: 1211 daAuts
     D:5: 1208 daAuts
    D:10: 1013 daAuts
  Lair:4: 957 daAuts
     D:4: 951 daAuts
     D:1: 944 daAuts
